Map: Habitation Station LE (Void)

Players

Zest

  • Race: Protoss Protoss
  • Spawn Location: 1:00

Trust - Winner!

  • Race: Protoss Protoss
  • Spawn Location: 11:00

Event: IEM Season 11 - Gyeonggi

VOD

Have the link to the VOD?

Description

Time

  • Played on: Dec. 13, 2016, 11:56 p.m.
  • Length: 9:53

All games in this series

Show
View Real Time Build Order
Export as new Build Order

Zest Protoss 

Build Orders:  

Get SALT Encoding   

  12  0:00  Probe (Chrono Boost)  
  13  0:11  Probe (Chrono Boost)  
  14  0:17  Pylon  
  14  0:22  Probe (Chrono Boost)  
  15  0:35  Probe (Chrono Boost)  
  16  0:36  Gateway  
  16  0:41  Assimilator  
  16  0:45  Probe (Chrono Boost)  
  17  0:56  Probe (Chrono Boost)  
  18  0:57  Assimilator  
  18  1:03  Gateway  
  18  1:07  Probe (Chrono Boost)  
  19  1:17  Probe (Chrono Boost)  
  20  1:23  Cybernetics Core  
  20  1:28  Probe (Chrono Boost)  
  21  1:35  Pylon  
  21  1:38  Probe (Chrono Boost)  
  22  1:49  Probe (Chrono Boost)  
  23  1:59  Warp Gate (Chrono Boost)  
  23  2:00  Mothership Core (Chrono Boost)  
  29  2:17  Nexus  
  29  2:21  Stalker  
  27  2:28  Stalker  
  29  2:36  Pylon  
  29  2:51  Stalker  
  31  2:58  Stalker  
  33  3:08  Robotics Facility  
  32  3:19  Gateway  
  32  3:30  Probe  
  32  3:32  Probe  
  34  3:44  Pylon  
  34  3:49  Sentry x2  
  34  3:50  Probe  
  34  3:51  Probe  
  40  3:56  Observer (Chrono Boost)  
  40  4:02  Probe  
  42  4:06  Probe  
  43  4:18  Stalker x2  
  43  4:19  Stalker  
  43  4:20  Probe x2 (Chrono Boost)  
  49  4:24  Oracle  
  49  4:25  Observer (Chrono Boost)  
  51  4:31  Probe x2 (Chrono Boost)  
  51  4:37  Twilight Council  
  50  4:42  Probe x2 (Chrono Boost)  
  52  4:47  Pylon  
  52  4:52  Probe x2 (Chrono Boost)  
  53  5:03  Probe x2 (Chrono Boost)  
  55  5:08  Assimilator  
  55  5:12  Probe (Chrono Boost)  
  55  5:13  Probe (Chrono Boost)  
  57  5:16  Assimilator, Blink (Chrono Boost)  
  57  5:22  Probe  
  57  5:24  Probe  
  59  5:33  Probe  
  59  5:37  Probe  
  59  5:40  Gateway  
  60  5:43  Probe  
  60  5:49  Sentry, Probe  
  64  5:53  Nexus  
  64  5:54  Probe  
  64  5:55  Pylon  
  65  6:01  Probe  
  65  6:04  Forge, Probe  
  67  6:14  Gateway  
  67  6:15  Gateway  
  67  6:16  Gateway  
  67  6:27  Stalker  
  67  6:28  Stalker x2  
  67  6:29  Mothership Core  
  75  6:41  Pylon  
  75  6:43  Pylon  
  75  6:44  Probe  
  75  6:49  Probe  
  75  6:51  Protoss Ground Weapons Level 1 (Chrono Boost)  
  75  6:56  Probe  
  77  7:01  Probe  
  77  7:03  Sentry  
  77  7:04  Sentry x2  
  77  7:07  Probe  
  83  7:11  Stalker  
  83  7:15  Stalker x3  
  90  7:31  Immortal (Chrono Boost)  
  93  7:40  Stalker x4  
  93  7:41  Stalker  
  103  7:52  Pylon  
  103  7:53  Pylon  
  103  7:54  Stalker x2  
  107  8:03  Stargate  
  107  8:09  Assimilator  
  107  8:11  Assimilator, Immortal (Chrono Boost)  
  111  8:14  Probe x3  
  111  8:15  Stargate  
  114  8:20  Pylon  
  114  8:26  Probe x2  
  116  8:33  Probe  
  117  8:38  Probe x2  
  119  8:45  Probe  
  114  8:59  Immortal (Chrono Boost)  
  114  9:00  Phoenix x2 (Chrono Boost)  
  114  9:20  Stalker  
  114  9:21  Stalker x3  
  112  9:30  Zealot x3  
Show
View Real Time Build Order
Export as new Build Order

Trust Protoss - Winner!

Build Orders: Phoenix Opening 

Get SALT Encoding   

  12  0:00  Probe (Chrono Boost)  
  13  0:11  Probe (Chrono Boost)  
  14  0:18  Pylon  
  14  0:22  Probe (Chrono Boost)  
  15  0:36  Gateway, Probe (Chrono Boost)  
  15  0:41  Assimilator  
  16  0:47  Probe (Chrono Boost)  
  17  0:50  Assimilator  
  17  0:57  Probe (Chrono Boost)  
  17  1:03  Gateway  
  18  1:08  Probe (Chrono Boost)  
  20  1:18  Probe (Chrono Boost)  
  20  1:23  Cybernetics Core  
  20  1:29  Probe (Chrono Boost)  
  21  1:35  Pylon  
  21  1:39  Probe (Chrono Boost)  
  22  1:50  Probe (Chrono Boost)  
  23  2:00  Stargate  
  23  2:07  Mothership Core (Chrono Boost)  
  23  2:08  Warp Gate  
  25  2:20  Stalker (Chrono Boost)  
  27  2:26  Stalker (Chrono Boost)  
  29  2:32  Pylon  
  29  2:44  Phoenix (Chrono Boost)  
  31  2:52  Probe  
  32  3:08  Phoenix (Chrono Boost)  
  33  3:14  Nexus  
  33  3:22  Probe  
  34  3:30  Phoenix (Chrono Boost)  
  34  3:33  Pylon  
  36  3:36  Probe  
  38  3:48  Probe  
  38  3:54  Robotics Facility  
  38  4:00  Probe (Chrono Boost)  
  39  4:11  Probe (Chrono Boost)  
  40  4:19  Sentry x2  
  40  4:22  Probe (Chrono Boost)  
  43  4:29  Probe (Chrono Boost)  
  44  4:33  Probe (Chrono Boost)  
  45  4:40  Probe (Chrono Boost)  
  45  4:42  Twilight Council  
  45  4:43  Probe (Chrono Boost)  
  47  4:49  Assimilator  
  47  4:50  Probe (Chrono Boost), Assimilator  
  48  4:54  Probe (Chrono Boost)  
  49  5:01  Probe (Chrono Boost), Pylon  
  49  5:02  Observer (Chrono Boost)  
  49  5:04  Probe (Chrono Boost)  
  52  5:10  Probe (Chrono Boost)  
  53  5:14  Probe (Chrono Boost)  
  53  5:20  Immortal (Chrono Boost), Forge, Probe  
  54  5:23  Pylon  
  54  5:27  Probe  
  60  5:32  Probe  
  61  5:37  Blink (Chrono Boost)  
  61  5:39  Probe  
  62  5:44  Probe  
  62  5:47  Stalker x2  
  67  5:51  Probe  
  67  5:54  Protoss Ground Weapons Level 1 (Chrono Boost), Pylon  
  68  5:57  Immortal  
  72  6:10  Gateway  
  72  6:13  Gateway  
  72  6:18  Gateway  
  72  6:28  Robotics Bay  
  72  6:31  Gateway  
  72  6:34  Immortal  
  76  6:53  Nexus  
  76  6:56  Pylon  
  76  7:03  Gateway  
  76  7:09  Disruptor  
  77  7:18  Robotics Facility  
  77  7:21  Stalker x2  
  77  7:22  Stalker  
  83  7:29  Pylon  
  83  7:38  Pylon  
  83  7:39  Pylon  
  83  7:42  Disruptor (Chrono Boost)  
  83  7:43  Gateway  
  83  7:44  Pylon  
  86  7:57  Pylon  
  86  8:02  Stalker x2  
  86  8:03  Stalker x3  
  96  8:05  Warp Prism (Chrono Boost)  
  98  8:28  Disruptor (Chrono Boost)  
  98  8:30  Pylon x2  
  98  8:31  Stalker x3  
  107  8:41  Disruptor (Chrono Boost)  
  102  9:04  Stalker x5  
  102  9:09  Stalker  
  110  9:31  Stalker x4  

Tags
 
Add a new tag
Caveats
  • Supply blocks, unpowered buildings, or Contaminate may cause inaccurate times.
  • Supply counts are checked every 10 seconds.